AoeStats
← Sezar

Enclosed

506507282Analyzed
1v1 RM · 18d ago on Sep 13, 2026· 75m 57s· 2 players
Game mode
Random Map
Map size
Tiny (2 player)
Population
200
Speed
Normal
Resources
Standard
Victory
Conquest
Starting age
Dark Age
Ending age
Imperial Age
RankedLock teamsTeams togetherTeam positionsShared explorationLock speedFull tech treeHidden civsTurbo modeCheats
Victory
Defeat
🇬🇧 Italians · United Kingdom
961
+16
🇹🇷 Hindustanis · Türkiye
951
-43
Sezar
9:10 Loom
12:33 Feudal Age
13:15 Horse Collar
15:25 Scale Barding Armor
16:53 Forging
21:37 Castle Age
23:41 Chain Barding Armor
34:55 Double-Bit Axe
41:36 Imperial Age
40:52 Wheelbarrow
40:39 Gold Mining
43:26 Chemistry
43:17 Bow Saw
44:06 Hand Cart
45:16 Heavy Plow
45:24 Onager
47:13 Shatagni
47:51 Padded Archer Armor
47:46 Town Watch
48:48 Gold Shaft Mining
49:27 Two-Man Saw
51:20 Leather Archer Armor
52:11 Ballistics
63:26 Stone Mining
65:40 Bloodlines
71:52 Husbandry
71:30 Heavy Camel Rider
74:03 Plate Barding Armor
74:44 Iron Casting
73:46 Imperial Camel Rider
Nope
6:56 Loom
9:24 Feudal Age
20:03 Castle Age
19:20 Fletching
20:10 Crossbowman
20:20 Pikeman
23:30 Bodkin Arrow
24:25 Double-Bit Axe
25:24 Scale Mail Armor
36:52 Horse Collar
39:48 Imperial Age
37:41 Gold Mining
39:53 Bow Saw
41:56 Chemistry
41:55 Heavy Plow
44:30 Wheelbarrow
45:20 Thumb Ring
45:37 Ballistics
45:40 Bracer
47:36 Conscription
46:44 Arbalester
48:29 Padded Archer Armor
49:32 Two-Man Saw
49:33 Hand Cart
50:04 Elite Genoese Crossbowman
53:25 Leather Archer Armor
53:18 Stone Mining
53:22 Heated Shot
62:47 Ring Archer Armor
65:28 Forging
66:48 Iron Casting
66:57 Chain Mail Armor
75:21 Blast Furnace
73:50 Light Cavalry
Connection lost

Rejoining the realm…

Still unreachable

The connection could not be restored.

Session expired

The server has moved on; the page needs a fresh start.